 Dungeon Crawl Stone Soup version 0.26-a0-1107-g6118521029 (webtiles) character file.

Game seed: 9490945363116340330

5376 sokol815 the Destroyer (level 10, -1/84 HPs)
             Began as an Octopode Conjurer on Dec 16, 2020.
             Was an Initiate of Gozag.
             Slain by a seven-headed hydra (8 damage)
             ... on level 10 of the Dungeon.
             The game lasted 00:45:18 (12027 turns).

sokol815 the Destroyer (Octopode Conjurer)         Turns: 12027, Time: 00:45:18

Health: -1/84      AC: 25    Str:  7    XL:     10   Next: 66%
Magic:  17/17      EV:  2    Int: 23    God:    Gozag
Gold:   1112       SH: 10    Dex: 17    Spells: 9/19 levels left

rFire    . . .     SeeInvis .   D - +5 trident
rCold    . . .     Faith    .   K - +0 kite shield of Hospitality {+Inv Regen+ Slay+2} (curse)
rNeg     + + +     Spirit   .   (helmet currently unavailable)
rPois    +         Reflect  .   (no amulet)
rElec    .         Harm     .   N - +6 ring of dexterity
rCorr    .         Rampage  .   (no ring)
Will     .....     NoTele   +   (no ring)
Stlth    +++.......             (no ring)
HPRegen  0.64/turn              (no ring)
MPRegen  0.15/turn              (no ring)
                                (no ring)
                                (no ring)

@: tree-form
A: almost no armour, stealthy swim, (amphibious), 8 rings, (constrict 8)
a: Potion Petition, Call Merchant, Bribe Branch, Renounce Religion, Evoke
Invisibility


You were on level 10 of the Dungeon.
You worshipped Gozag.
Gozag was most pleased with you.
You were a tree.
You visited 1 branch of the dungeon, and saw 13 of its levels.
You also visited: Ossuary.

You collected 1980 gold pieces.
You spent 225 gold pieces at shops.
You paid 643 gold pieces to Gozag.

Inventory:

Hand Weapons
 a - a +1 dagger of flaming
   (You took it off a goblin on level 2 of the Dungeon)
 t - a +2 whip of flaming
   (You took it off Pikel on level 3 of the Dungeon)
 z - a +0 shortbow of freezing
   (You took it off a centaur on level 5 of the Dungeon)
 D - a +5 trident (weapon)
   (You took it off a wight on level 6 of the Dungeon)
 E - a +3 war axe
   (You took it off a wight on level 6 of the Dungeon)
 R - the +6 quarterstaff of the Vaults {vorpal, rPois SInv, unknown}
   (You found it on level 9 of the Dungeon)

   It inflicts extra damage upon your enemies.
   It protects you from poison.
   It lets you see invisible.
Missiles
 f - 285 stones
 i - 119 sling bullets
 l - 122 bolts
 m - 4 boomerangs
 s - 5 atropa-tipped darts
 A - 67 arrows
 I - 25 poisoned darts
 P - 3 throwing nets {=f, !d}
Armour
 w - a +0 kite shield
   (You took it off an orc on level 4 of the Dungeon)
 B - a +1 tower shield of reflection
   (You bought it in a shop on level 5 of the Dungeon)
 K - the cursed +0 kite shield of Hospitality (worn) {+Inv Regen+ Slay+2}
   (You found it on level 8 of the Dungeon)

   It affects your accuracy and damage with ranged weapons and melee attacks
   (+2).
   It lets you turn invisible.
   It increases your rate of regeneration.
   It has a curse placed upon it.
Jewellery
 N - a +6 ring of dexterity (left branch)
   (You found it on level 9 of the Dungeon)
Wands
 p - a wand of acid (7)
   (You took it off Ijyb on level 4 of the Dungeon)
 y - a wand of digging (5)
   (You took it off Dowan on level 5 of the Dungeon)
 C - a wand of disintegration (13)
   (You found it on level 6 of the Dungeon)
Scrolls
 c - 7 scrolls of teleportation {unknown}
 d - a scroll of identify
 e - a scroll of immolation {!r}
 k - 8 scrolls of amnesia
 n - a scroll of fog {unknown}
 o - 2 scrolls of enchant weapon {unknown}
 u - 5 scrolls of remove curse
 x - 3 scrolls of enchant armour {unknown}
 G - a scroll of vulnerability {unknown}
 H - a scroll of acquirement {unknown}
 Q - a scroll of summoning {unknown}
Potions
 b - 3 potions of haste
 g - 4 potions of attraction {!q}
 h - a potion of magic
 j - 3 potions of curing
 q - a potion of flight {unknown}
 r - 2 potions of mutation {!q}
 v - 2 potions of cancellation
 F - 2 potions of lignification {!q}
 J - a potion of degeneration {unknown}
 L - 2 potions of brilliance {unknown}
 O - a potion of heal wounds


   Skills:
 - Level 5.0 Dodging
 - Level 6.0 Stealth
 + Level 6.8 Shields
 - Level 5.0 Spellcasting
 - Level 11.0 Conjurations
 + Level 2.6 Hexes
 * Level 4.0 Earth Magic


You had 9 spell levels left.
You knew the following spells:

 Your Spells              Type           Power        Failure   Level
a - Magic Dart            Conj           ####         1%          1
b - Searing Ray           Conj           ######       1%          2
c - Leda's Liquefaction   Hex/Erth       ###.......   56%         4
d - Dazzling Flash        Conj/Hex       #####.       4%          3

Your spell library contained the following spells:

 Spells                   Type           Power        Failure   Level
 Corona                   Hex            ###....      10%         1
 Slow                     Hex            ###.....     14%         2
 Fulminant Prism          Conj/Hex       #####.....   17%         4
 Iskenderun's Mystic Bla  Conj/Tloc      ####....     28%         4
 Inner Flame              Hex/Fire       ##......     43%         3
 Portal Projectile        Hex/Tloc       ##....       43%         3
 Cause Fear               Hex            ###.......   67%         4


Dungeon Overview and Level Annotations

Branches:
Dungeon (13/15)            Temple (0/1) D:6            Lair (0/6) D:10
Ossuary (visited)
    Orc: D:9-12      Vaults: D:13-14

Altars:
Dithmenos
Gozag
Hepliaklqana
Kikubaaqudgha
Nemelex Xobeh
Okawaru
Qazlal
Ru
Sif Muna
Uskayaw
Wu Jian
Xom
Zin

Shops:
D:5 [

Annotations:
D:4 Sigmund
D:6 Blork the orc
D:10 exclusion: scorpion, Fannar
D:12 1 exclusion


Innate Abilities, Weirdness & Mutations

You cannot wear most types of armour.
You are very stealthy in the water. (Stealth+)
((You are amphibious.))
You can wear up to eight rings at the same time.
((You can use your tentacles to constrict eight enemies at once.))
((Your skin changes colour to match your surroundings (Stealth+).))
((Your rubbery body absorbs attacks. (AC +1, EV +1)))


Message History

(Press . to maintain the ray.)
You now have 15/17 mp.
The searing ray hits the bullfrog zombie!
You now have 14/17 mp.
The searing ray hits the bullfrog zombie.
You block the bullfrog zombie's attack.
You now have 13/17 mp.
The searing ray hits the bullfrog zombie!
You destroy the bullfrog zombie!
You finish channeling your searing ray.
Your Earth Magic skill increases to level 4!
You now have 12/17 mp.
You now have 1106 gold pieces (gained 6).
There is a stone staircase leading up here.
You climb upwards.
There is a stone staircase leading down here.
You start resting.
MP restored: 17 You climb downwards.
There is a stone staircase leading up here.
You now have 1112 gold pieces (gained 6).
Found a staircase to the Lair.
This spell is dangerous to cast!
Memorise Dazzling Flash, consuming 3 spell levels and leaving 9?
You start memorising the spell.
You continue memorising. x3
You finish memorising.
Spell assigned to 'd'.
A scorpion comes into view.
Fannar the Cold-Hearted comes into view.
They are wielding a staff of cold and wearing a +1 robe of cold resistance.
Here: a scorpion (asleep)
The floor.
Found a stone staircase leading down.
Found a stone staircase leading down.
You fall into a shaft and drop 3 floors!
The shaft crumbles and collapses.
Really read
M - a scroll of magic mapping {!r}?
As you read the scroll of magic mapping {!r}, it crumbles to dust.
You feel aware of your surroundings.
You sensed 1 altar, and 2 shops/portals.
You open the door.
There is an open door here.
You open the door.
There is an open door here.
Found a stone staircase leading up.
There is a stone staircase leading up here.
You climb upwards.
There is a stone staircase leading down here.
You open the door.
An orc comes into view. It is wielding a +0 mace.
The searing ray hits the orc!
You kill the orc! (Press . to maintain the ray.)
You now have 15/17 mp.
You start resting.
MP restored: 17 An adder comes into view.
There is an open door here.
You close the door.
You open the door.
Found 24 gold pieces.
Found a stone staircase leading up.
Found an escape hatch in the floor.
There is an open door here.
A deep elf mage comes into view. It is wielding a +0 dagger.
The deep elf mage shouts!
The deep elf mage casts a spell.
There is a stone staircase leading up here.
You climb upwards.
An iguana, a hydra and a skeleton come into view.
Found 21 stones.
Found two stone staircases leading up.
There is a stone staircase leading down here.
Unknown command.
The seven-headed hydra roars!
The iguana hisses angrily.
The seven-headed hydra bites you!
The seven-headed hydra barely misses you. x2
The seven-headed hydra closely misses you.
The seven-headed hydra bites you!! The seven-headed hydra bites you.
The seven-headed hydra bites you but does no damage.
There is a stone staircase leading up, spattered with blood here.
You take 29 damage, and have 27/56 hp.
MASSIVE DAMAGE!!
The seven-headed hydra misses you. The seven-headed hydra bites you!
* * * LOW HITPOINT WARNING * * *
You block the seven-headed hydra's attack.
The seven-headed hydra bites you but does no damage.
The seven-headed hydra bites you.
* * * LOW HITPOINT WARNING * * *
The seven-headed hydra misses you. The seven-headed hydra bites you.
* * * LOW HITPOINT WARNING * * *
You climb upwards.
Level annotation: exclusion: scorpion, Fannar
There is a stone staircase leading down here.
You take 23 damage, and have 4/56 hp.
MASSIVE DAMAGE!!
Okay, then.
Unknown command.
Really quaff
F - 3 potions of lignification {!q}?
Really quaff the potion of lignification?
You turn into a tree.
Your roots penetrate the ground.
The seven-headed hydra bites you!
You die...
Your body crumbles into a pile of gold.

.##.. ..## #.
..#...#..# ... #Y
.......... ..$#
.#.###....# ... ...#
.#Y.......####..##..##
.....Y...............##
#........... #..D.....#
#.........# #.♣.....#
#..<.....# ##...#.##
##[......# .#.##
#......... .# ##
.......#.. ## ........#
# #........# #...#...##
.... ...#


You could see a seven-headed hydra.

Vanquished Creatures
  Harold (D:9)
  Pikel (D:3)
  Prince Ribbit (D:7)
  Grum (D:9)
  Menkaure (D:5)
  Duvessa (D:5)
  A black bear (D:9)
  A sky beast (D:7)
  2 orc warriors
  3 ice beasts
  A necrophage (D:8)
  2 phantoms
  4 wolves (D:9)
  2 centaurs (D:5)
  A lemure (D:4)
  4 ogres
  An elf zombie (Ossuary)
  A big kobold (D:9)
  Dowan (D:5)
  A bullfrog (D:8)
  3 scorpions
  5 wights (D:6)
  A bullfrog zombie (D:10)
  5 hounds
  A human zombie (Ossuary)
  2 jellies
  3 orc priests
  2 iguanas
  9 worker ants
  Ijyb (D:4)
  7 orc wizards
  Terence (D:3)
  A killer bee zombie (D:9)
  A big kobold zombie (Ossuary)
  2 hound skeletons
  4 mummies (Ossuary)
  A howler monkey zombie (D:7)
  3 gnolls (D:3)
  6 adders
  A howler monkey skeleton (D:9)
  3 shadow imps
  3 white imps (D:5)
  3 ufetubi
  An ooze (D:1)
  3 adder skeletons
  A worm (D:4)
  17 dart slugs
  6 leopard geckos
  36 orcs
  6 ball pythons
  5 giant cockroaches
  6 hobgoblins
  14 jackals
  A quokka (D:2)
  12 bats
  3 frilled lizards
  13 goblins
  A goblin zombie (Ossuary)
  2 hobgoblin zombies (Ossuary)
  2 jackal zombies
  10 kobolds
  2 kobold zombies (Ossuary)
  2 orc zombies (Ossuary)
  7 rats
  A rat zombie (Ossuary)
250 creatures vanquished.

Vanquished Creatures (others)
  A goblin (D:7)
1 creature vanquished.

Grand Total: 251 creatures vanquished

Notes
Turn   | Place    | Note
-------+----------+-------------------------------------------
     0 | D:1      | sokol815 the Octopode Conjurer began the quest for the Orb.
     0 | D:1      | Reached XP level 1. HP: 11/11 MP: 3/3
   218 | D:1      | Reached skill level 3 in Stealth
   218 | D:1      | Reached XP level 2. HP: 17/17 MP: 0/5
   438 | D:1      | Reached XP level 3. HP: 15/21 MP: 1/6
   902 | D:1      | Learned a level 2 spell: Searing Ray
  1745 | D:2      | Reached XP level 4. HP: 27/27 MP: 4/7
  1838 | D:2      | Found an iron altar of Okawaru.
  1839 | D:2      | Found a shadowy altar of Dithmenos.
  1839 | D:2      | Found an opulent altar of Gozag.
  1847 | D:2      | Became a worshipper of Gozag Ym Sagoz the Greedy
  2145 | D:2      | You fall into a shaft and drop 2 floors!
  2145 | D:4      | Noticed an ogre
  2173 | D:3      | Reached skill level 5 in Conjurations
  2446 | D:3      | Reached skill level 4 in Stealth
  2770 | D:2      | Reached skill level 3 in Dodging
  2770 | D:2      | Reached XP level 5. HP: 31/31 MP: 4/8
  3704 | D:3      | Found an ornate altar of the Wu Jian Council.
  3854 | D:3      | Noticed Terence
  3861 | D:3      | Killed Terence
  3955 | D:3      | Reached XP level 6. HP: 35/36 MP: 0/9
  4322 | D:4      | Found an ancient bone altar of Kikubaaqudgha.
  4361 | D:4      | Reached skill level 5 in Stealth
  4361 | D:4      | Reached skill level 6 in Conjurations
  4370 | D:4      | Noticed Ijyb
  4454 | D:4      | Killed Ijyb
  4789 | D:4      | Noticed Sigmund
  4818 | D:4      | Reached skill level 4 in Dodging
  4818 | D:4      | Reached XP level 7. HP: 41/41 MP: 5/10
  5299 | D:4      | Noticed Pikel
  5532 | D:3      | Killed Pikel
  5533 | D:3      | Reached skill level 5 in Dodging
  5533 | D:3      | Reached skill level 6 in Stealth
  5533 | D:3      | Reached skill level 8 in Conjurations
  5533 | D:3      | Reached XP level 8. HP: 25/46 MP: 2/11
  5943 | D:5      | Entered Level 5 of the Dungeon
  6088 | D:5      | Reached skill level 1 in Shields
  6687 | D:5      | Reached skill level 2 in Shields
  6687 | D:5      | Reached skill level 9 in Conjurations
  6839 | D:5      | Noticed Duvessa
  6846 | D:5      | Noticed Dowan
  6848 | D:5      | Killed Duvessa
  6849 | D:5      | Killed Dowan
  6977 | D:5      | Reached skill level 3 in Shields
  7194 | D:5      | Noticed Menkaure
  7198 | D:5      | Killed Menkaure
  7199 | D:5      | Reached XP level 9. HP: 51/51 MP: 7/12
  7321 | D:5      | Bought a glowing tower shield for 225 gold pieces
  7367 | D:6      | Found a staircase to the Ecumenical Temple.
  7376 | D:6      | Found a hide-covered altar of Uskayaw.
  7376 | D:6      | Found a sparkling altar of Nemelex Xobeh.
  7377 | D:6      | Found a hazy altar of Hepliaklqana.
  7489 | D:6      | Noticed Blork the orc
  7706 | D:6      | Reached skill level 10 in Conjurations
  7733 | D:6      | Found a shimmering altar of Xom.
  7963 | D:7      | Noticed Prince Ribbit
  7966 | D:7      | HP: 10/51 [Prince Ribbit (20)]
  7970 | D:7      | Killed Prince Ribbit
  7971 | D:7      | Reached skill level 4 in Shields
  8140 | D:7      | HP: 10/51 [phantom (6)]
  8164 | D:7      | Found a sand-covered staircase.
  8171 | Ossuary  | Entered an ossuary
  8530 | D:7      | Reached skill level 11 in Conjurations
  8768 | D:7      | Reached skill level 5 in Shields
  9064 | D:7      | Reached skill level 3 in Spellcasting
  9099 | D:7      | Found a stormy altar of Qazlal.
  9372 | D:7      | Found a shimmering blue altar of Sif Muna.
  9657 | D:8      | Reached XP level 10. HP: 56/56 MP: 9/15
  9664 | D:8      | Found a glowing silver altar of Zin.
  9716 | D:8      | Reached skill level 4 in Spellcasting
 10070 | D:8      | Got a polished kite shield
 10081 | D:8      | Identified the cursed +0 kite shield of Hospitality {+Inv
                  | Regen+ Slay+2} (You found it on level 8 of the Dungeon)
 10083 | D:8      | Found a sacrificial altar of Ru.
 10240 | D:9      | Reached skill level 6 in Shields
 10363 | D:9      | Reached skill level 5 in Spellcasting
 10363 | D:9      | Noticed Grum
 10428 | D:9      | Learned a level 4 spell: Leda's Liquefaction
 10597 | D:9      | Noticed Harold
 10606 | D:9      | Killed Harold
 10607 | D:9      | Reached skill level 1 in Hexes
 10607 | D:9      | Reached skill level 2 in Earth Magic
 11139 | D:9      | Reached skill level 2 in Hexes
 11139 | D:9      | Reached skill level 3 in Earth Magic
 11316 | D:9      | Got a buzzing quarterstaff
 11387 | D:9      | Killed Grum
 11765 | D:10     | Entered Level 10 of the Dungeon
 11854 | D:10     | Reached skill level 4 in Earth Magic
 11901 | D:10     | Found a staircase to the Lair.
 11906 | D:10     | Learned a level 3 spell: Dazzling Flash
 11918 | D:10     | Noticed Fannar
 11949 | D:10     | You fall into a shaft and drop 3 floors!
 12016 | D:12     | Noticed a deep elf mage
 12022 | D:11     | Noticed a seven-headed hydra
 12025 | D:11     | HP: 13/56 [seven-headed hydra (15)]
 12025 | D:11     | HP: 3/56 [seven-headed hydra (5)]
 12027 | D:10     | Slain by a seven-headed hydra

Illustrated notes

Levels and vault maps discovered:
D:1:      dpeg_arrival_erosion, layout_basic, minmay_fountain_box, minmay_tall_x
D:2:      layout_loops_ring, grunt_temple_overflow_open, kennysheep_path_1
D:3:      kennysheep_slugbush, layout_basic, general_overflow_altar,
          uniq_terence
D:4:      layout_cave_pods, nicolae_overflow_hidden_temple, uniq_sigmund,
          uniq_ijyb, uniq_pikel
D:5:      layout_basic, uniq_duvessa, uniq_menkaure
D:6:      layout_rooms, chequers_temple_overflow_statue_of_worship,
          lemuel_coloured_pillars_altar, minmay_temple_entry_slanted,
          abandoned_shop, uniq_blork_the_orc
D:7:      layout_basic, old_standard_altar, lemuel_blue_sif_altar,
          chequers_ossuary_entry_cave, enter_bailey_3, uniq_prince_ribbit1
D:8:      layout_rooms, kennysheep_mini_moat, basic_altar
D:9:      layout_loops_ring, uniq_harold, uniq_grum
D:10:     layout_cave_pools, lair_entry_dummy, uniq_fannar
D:11:     minmay_the_grid_square_5x5_4x4_mashed
          [minmay_the_grid_square_5x5_spiral_small,
          minmay_the_grid_square_5x5_broken_cross,
          minmay_the_grid_square_5x5_shuriken,
          minmay_the_grid_square_5x5_inner_z,
          minmay_the_grid_square_5x5_checkered,
          minmay_the_grid_square_5x5_prize_junk,
          minmay_the_grid_square_5x5_prize_itemx,
          minmay_the_grid_square_5x5_shrine1, minmay_the_grid_square_5x5_fat_x,
          minmay_the_grid_square_5x5_prize_snowflake,
          minmay_the_grid_square_5x5_prize_open,
          minmay_the_grid_square_5x5_percent,
          minmay_the_grid_square_5x5_longway,
          minmay_the_grid_square_5x5_checkered_sparse,
          minmay_the_grid_square_5x5_inverted_slash,
          minmay_the_grid_square_5x5_inner_v], layout_rooms, orc_0_dummy
D:12:     layout_roguey [special_room_orc], corexii_checkpoint_a,
          minmay_alternating_orb, uniq_kirke
D:13:     layout_roguey, serial_shops, shop, nicolae_shop_crystal, basic_altar

Skill      XL: |  1  2  3  4  5  6  7  8  9 10 |
---------------+-------------------------------+-----
Stealth        | 3 4 5 6 |  6.0
Conjurations   | 5 6 8 9 11 | 11.0
Dodging        | 3 4 5 |  5.0
Shields        | 3 5 6 |  6.8
Spellcasting   | 3 5 |  5.0
Hexes          | 2 |  2.6
Earth Magic    | 4 |  4.0

Action                   |  1- 3 |  4- 6 |  7- 9 | 10-12 || total
-------------------------+-------+-------+-------+-------++-------
Melee: Mace              |    11 |       |       |       ||    11
       Constrict         |     3 |     6 |    10 |     2 ||    21
       Tentacles         |     3 |     2 |     6 |     1 ||    12
       Dagger            |       |    29 |    31 |       ||    60
       Trident           |       |       |    23 |     6 ||    29
 Cast: Magic Dart        |    67 |    75 |    19 |     3 ||   164
       Searing Ray       |       |    21 |    68 |    43 ||   132
Invok: Call Merchant     |       |       |     1 |       ||     1
Evoke: Wand              |       |       |     3 |       ||     3
  Use: Scroll            |       |       |    15 |     1 ||    16
       Potion            |       |       |     1 |     1 ||     2
 Stab: Sleeping          |       |     8 |     1 |       ||     9
Armor: Skin              |     2 |       |     7 |     2 ||    11
Dodge: Dodged            |    11 |    12 |    50 |    11 ||    84
Block: Tower shield      |       |       |    35 |     1 ||    36
       Reflection        |       |       |     3 |       ||     3
       Kite shield       |       |       |       |     7 ||     7

Table legend: (Time is in decaauts)
 A = Elapsed time spent in this place.
 B = Non-inter-level travel time spent in this place.
 C = Inter-level travel time spent in this place.
 D = Time resting spent in this place.
 E = Time spent auto-exploring this place.
 F = Levels seen in this place.
 G = Mean time per level.
                   A        B        C        D        E       F      G
               +--------+--------+--------+--------+--------+-----+--------+
         Total |  12052 |  11535 |    517 |   3703 |   5391 |  14 |  860.9 |
       Dungeon |  11744 |  11227 |    517 |   3703 |   5391 |  13 |  903.4 |
       Ossuary |    308 |    308 |      0 |      0 |      0 |   1 |  308.0 |
               +--------+--------+--------+--------+--------+-----+--------+

Top non-repeatable levels by time:
     D:3: 2000 daAuts
     D:9: 1594 daAuts
     D:2: 1394 daAuts
     D:5: 1356 daAuts
     D:1: 1353 daAuts
     D:4: 1251 daAuts
     D:7: 1186 daAuts
     D:6: 720 daAuts
     D:8: 683 daAuts
 Ossuary: 308 daAuts
    D:10: 127 daAuts
    D:12: 55 daAuts
    D:13: 16 daAuts
    D:11: 3 daAuts

Table legend:
 A = Kills in this place as a percentage of kills in entire the game.
 B = Kills by you in this place as a percentage of kills by you in the entire game.
 C = Kills by friends in this place as a percentage of kills by friends in the entire game.
 D = Other kills in this place as a percentage of other kills in the entire game.
 E = Experience gained in this place as a percentage of experience gained in the entire game.
 F = Experience gained in this place divided by the number of levels of this place that you have seen.
                   A       B       C       D       E      F
               +-------+-------+-------+-------+-------+----------------------
         Total | 100.0 | 100.0 |   N/A |   N/A | 100.0 | 548.6
       Dungeon |  93.6 |  93.6 |   N/A |   N/A |  96.7 | 571.6
       Ossuary |   6.4 |   6.4 |   N/A |   N/A |   3.3 | 250.0
               +-------+-------+-------+-------+-------+----------------------
